Match 45944091
Unlisted

Match 45944091
End
Engineer Squad
Construct Weapon Support Center
Selects Heavy Weapons
Bazooka Squad
.30 cal Machine Gun
M1919 Machine Gun Team
.30 cal Machine Gun
Mechanized Support Center
.30 cal Machine Gun
Selects M2HB .50cal Heavy Machine Gun
M3 Armored Personnel Carrier
Mortar Pit
Construct Barracks
Forward Retreat Point
Selects Gallant Stand
.30 cal Machine Gun
Construct Tank Depot
Mortar Pit
Selects Black Dragon Artillery Barrage
M4(105) Sherman Bulldozer
Designate Forward Repair Station
Mortar Pit
Selects Assault Carriers
Riflemen Squad
Riflemen Squad
Riflemen Squad
Riflemen Squad
M1918 Browning Automatic Rifles
Selects Halftrack Strongpoints
Grenade Package
Black Dragon Artillery Barrage
M4(105) Sherman Bulldozer
M18 Hellcat Tank Destroyer
Designate Forward Repair Station
Salvage Crew
Black Dragon Artillery Barrage
M4A1 Sherman Medium Tank
M4A1 76mm Conversion
Improvised Armor
Engineer Squad
.30 cal Machine Gun
Black Dragon Artillery Barrage
Selects M26 Pershing Heavy Tank
M26 Pershing Heavy Tank
M4A1(76) Sherman Medium Tank
Black Dragon Artillery Barrage
M4A1(76) Sherman Medium Tank
Black Dragon Artillery Barrage
M4A1(76) Sherman Medium Tank
M4A1(76) Sherman Medium Tank
Black Dragon Artillery Barrage
Black Dragon Artillery Barrage
Designate Forward Repair Station
M4A1(76) Sherman Medium Tank
M4A1(76) Sherman Medium Tank
Black Dragon Artillery Barrage
Black Dragon Artillery Barrage
M4A1(76) Sherman Medium Tank
M4A1(76) Sherman Medium Tank
Designate Forward Repair Station
dinamix.fr
seb
letitan666
kamikazei
Wilson
Kapysoft
wemmer96
demtiku
0
0

Comments sign in to comment!

No comments posted yet!